Unix xNetHack Version 7.1.0 - last build Jun 10 2022 16:52:22 (33bbff3b7d1ce07880d5c4b1c5efc7e91935e5b9). Game began 2022-06-30 14:20:41, ended 2022-06-30 14:55:29. nmlkj, chaotic male human Wizard ----- --- | |...| |..--- --. ---...| --....| ... ---- ---.....-- |.....| ...-- -- |.. |........| ....------- ....--.-- -..---- ---........-- -....|.|.-- ........ ....... |...........| #........| .......-- -.- -........-......-- ####..^.....-- -...(...|---.| .............| # #.........| .......#-...| -.........|# |.|......-- ..........-- |.........#- |.|-...--- .........| --.........------*|---.-- -.......#- |....--.....--...| |.[| | - |........# --.....).......--- --%| .... --........| # --.>%.........| |.| -..*........--#-#-------........--..| --|.| ----.u........................------- |.|<-- |........|.....------.....-- |....| ---.---.---.--.| ------- --..-- --- --- ------ ---- Nmlkj the Thaumaturge St:8 Dx:12 Co:14 In:18 Wi:15 Ch:10 Chaotic S:1796 Dlvl:7 $:56 HP:0(46) Pw:49(71) AC:8 Xp:6/360 T:1705 Latest messages: You kill the gnome! In what direction? h The spell hits the snake! You kill the snake! In what direction? y In what direction? y The spell hits the grid bug! You kill the grid bug! In what direction? h The spell hits the gnome lord! In what direction? h The spell hits the gnome lord! You kill the gnome lord! Welcome to experience level 6. The spell hits the dwarf! You kill the dwarf! The gnome picks up a hooded cloak. The gnome puts on a hooded cloak. You see here a green gem. The gnome wields a broad short sword! The gnome thrusts his broad short sword. The gnome jabs you! In what direction? h The spell hits the gnome! You kill the gnome! g - a scroll labeled THARR {5}. In what direction? h The spell hits the iguana! You kill the iguana! You feel more confident in your spell casting skills. (Use the #enhance command to advance them.) You are now more skilled in attack spells. In what direction? h The spell hits the gnome! You kill the gnome! There is a gnome corpse here; eat it? [ynq] (n) y This gnome corpse tastes okay. You finish eating the gnome corpse. Pick an object. In what direction? l The magic missile hits the white unicorn! In what direction? l The spell misses the white unicorn. The white unicorn butts! The white unicorn kicks! In what direction? l The spell misses the white unicorn. The white unicorn butts! The white unicorn kicks! You die... Major events: Turn 1: nmlkj the chaotic male human Wizard entered the dungeon 861: entered the Gnomish Mines 1003: attained the rank of Conjurer (level 3) 1624: attained the rank of Thaumaturge (level 6) 1705: killed by a white unicorn Inventory: Inventory: 319/600 weight (22/52 slots) Coins $ - 56 gold pieces {1} Amulets h - an uncursed iron amulet of guarding (being worn) {22} Weapons n - 11 +0 arrows {11} m - a +0 wooden dagger (at the ready) {3} l - a +0 elven dagger {10} a - a blessed +1 quarterstaff (weapon in hands) {40} Armor i - a cursed -1 pair of levitation boots {15} b - an uncursed burnt +0 cloak of magic resistance (being worn) {8} Scrolls r - an uncursed scroll of confuse monster {5} q - an uncursed scroll of destroy armor {5} g - 2 uncursed scrolls of identify {10} u - an uncursed scroll of magic mapping {5} k - an uncursed scroll of remove curse {5} Spellbooks c - a blessed spellbook of force bolt {35} e - an uncursed spellbook of light {35} d - a blessed spellbook of magic missile {40} f - an uncursed spellbook of turn undead {40} Rings o - an uncursed ring of invisibility (on right hand) {3} s - an uncursed ring of slow digestion {3} Wands v - a wand of fire (0:5) {7} t - a wand of light (0:12) {7} j - a wand of striking (0:5) {7} Gems/Stones p - 2 uncursed worthless pieces of orange glass {2} Nmlkj the Wizard's attributes: Background: You were a Thaumaturge, a level 6 male human Wizard. You were chaotic, nominally on a mission for Anhur who was opposed by Ptah (lawful) and Thoth (neutral). You were heterosexual. You were in the Gnomish Mines, on level 7. You entered the dungeon 1705 turns ago. There was a new moon in effect when your adventure ended. You had 360 experience points, 280 more were needed to attain level 7. Your score was 1796 before end-of-game adjustments. Basics: You had 0 out of 46 hit points. You had 49 out of 71 energy points (spell power). Your armor class was 8. Your wallet contained 56 zorkmids. Autopickup was on for '$"?+!=/' plus thrown. Final Characteristics: Your strength was 8 (peak:9, limit:18/100). Your dexterity was 12 (limit:18). Your constitution was 14 (limit:18). Your intelligence was 18 (limit:18). Your wisdom was 15 (limit:18). Your charisma was 10 (limit:18). Final Status: You were not hungry. You were unencumbered. You were wielding a quarterstaff. You had basic skill with quarterstaff. Final Attributes: You were devoutly aligned. You were magic-protected. You were invisible. You had a small defense bonus (+2). You were protected. You are dead. Miscellaneous: You never encountered a bones level. Total elapsed playing time was 31 minutes and 23 seconds. Vanquished creatures: a blue jelly a snake 3 gnome leaders a kitten 6 dwarves an iguana a coyote 4 hobbits a large kobold 2 giant rats a brown mold a yellow mold 27 gnomes 8 garter snakes 3 jackals 2 foxes 2 goblins 2 grid bugs a bat 5 newts 73 creatures vanquished. No species were genocided or became extinct. Voluntary challenges: You were an atheist. You were illiterate. You never genocided any monsters. You never polymorphed an object. You never changed form. You never touched an artifact. You used no wishes. You never scared an enemy with impunity. You were celibate. You never generated conflict. Achievements: You entered a shop. You entered the Gnomish Mines. You attained the rank of Conjurer. You attained the rank of Thaumaturge. The Dungeons of Doom: levels 1 to 4 Level 1: A grave. Level 2: A fountain. Level 3: A general store. Level 4: A fountain. Stairs down to The Gnomish Mines. The Gnomish Mines: levels 5 to 7 Level 5: Level 6: Level 7: <- You were here. Final resting place for you, killed by a white unicorn. Game over: __________ / \ / REST \ / IN \ / PEACE \ / \ | nmlkj | | 56 Au | | killed by a | | white unicorn | | | | | | 2022 | *| * * * | * _________)/\\_//(\/(/\)/\//\/|_)_______ Goodbye nmlkj the Wizard... You died in The Gnomish Mines on dungeon level 7 with 1791 points, and 56 pieces of gold, after 1705 moves. You were level 6 with a maximum of 46 hit points when you died.